 Dungeon Crawl Stone Soup version 0.28-a0-194-g42b4daccc1 (webtiles) character file.

Game seed: 9359048434278178036

2994 Xantor1111 the Covered (level 10, -1/76 HPs)
             Began as a Human Berserker on Aug 17, 2021.
             Was a Priest of Trog (penitent).
             Slain by a polar bear (3 damage)
             ... created by the rage of Trog
             ... on level 7 of the Dungeon on Aug 18, 2021.
             The game lasted 00:45:25 (5657 turns).

Xantor1111 the Covered (Human Berserker)            Turns: 5657, Time: 00:45:25

Health: -1/76      AC: 13    Str: 20    XL:     10   Next: 9%
Magic:  10/10      EV: 13    Int:  8    God:    Trog [*]
Gold:   348        SH:  0    Dex: 15    Spells: 5/9 levels left

rFire   . . .      SeeInvis .   a - +8 dagger (venom)
rCold   . . .      Faith    .   (no shield)
rNeg    . . .      Spirit   .   h - +4 ring mail
rPois   .          Reflect  .   L - +2 helmet
rElec   .          Harm     .   (no cloak)
rCorr   .          Rampage  .   (no gloves)
Will    .....                   (no boots)
Stlth   ++........              (no amulet)
HPRegen 0.22/turn               (no ring)
MPRegen 0.12/turn               (no ring)

@: no status effects
A: talons 1, agile 1, subdued magic 1
a: Renounce Religion


You were on level 7 of the Dungeon.
You worshipped Trog.
Trog was demanding penance.
You visited 2 branches of the dungeon, and saw 8 of its levels.

You collected 348 gold pieces.

Inventory:

Hand Weapons
 a - a +8 dagger of venom (weapon)
 c - the +5 hand axe of Xom's Reproof {vorpal, rN+ MP+9}
   (You found it on level 5 of the Dungeon)

   It inflicts extra damage upon your enemies.
   rN:        It protects you from negative energy.
   MP:        It affects your magic capacity (+9).
 I - a +2 whip of freezing
 M - a +0 flail of holy wrath
Missiles
 l - 28 poisoned darts (quivered)
 p - 126 arrows
 y - 35 bolts
 K - 26 sling bullets
Armour
 h - a +4 ring mail (worn)
 v - a +2 hat of willpower
 L - a +2 helmet (worn)
Magical Staves
 m - a staff of cold
Jewellery
 f - a +4 ring of evasion
Wands
 C - a wand of flame (28)
Scrolls
 b - a scroll of blinking {unknown}
 i - a scroll of magic mapping {unknown}
 k - 2 scrolls of teleportation
 n - a scroll of amnesia
 o - a scroll of immolation
 q - a scroll of acquirement {unknown}
 B - a scroll of vulnerability {unknown}
 E - a scroll of noise {unknown}
 G - a scroll of summoning {unknown}
 H - a scroll of fog {unknown}
Potions
 d - a potion of curing
 e - a potion of cancellation
 g - a potion of haste {unknown}
 j - a potion of attraction {unknown}
 z - 2 potions of resistance
 A - a potion of brilliance
 F - a potion of degeneration {unknown}
 J - 2 potions of lignification {unknown}


   Skills:
 + Level 5.9 Fighting
 + Level 6.3 Short Blades
 + Level 3.2 Maces & Flails
 + Level 5.1 Polearms
 + Level 7.1 Armour
 + Level 5.3 Dodging
 + Level 2.5 Stealth


You had 5 spell levels left.
You knew the following spells:

 Your Spells              Type           Power      Damage    Failure   Level
a - Summon Ice Beast      Ice/Summ       0%         N/A       99%         4

Your spell library contained the following spells:

 Spells                   Type           Power      Damage    Failure   Level
 Frozen Ramparts          Ice            0%         1d2       88%         3
 Ice Form                 Ice/Tmut       0%         N/A       99%         4


Dungeon Overview and Level Annotations

Branches:
Dungeon (7/15)             Temple (1/1) D:6

Altars:
Cheibriados
Dithmenos
Elyvilon
Fedhas
Gozag
Hepliaklqana
Kikubaaqudgha
Makhleb
Nemelex Xobeh
Okawaru
Qazlal
Ru
Sif Muna
Trog
Uskayaw
Vehumet
Wu Jian
Xom
Yredelemnul
Zin
The Shining One


Innate Abilities, Weirdness & Mutations

You have sharp toenails.
You are agile. (Dex +2)
Your spells are a little easier to cast, but a little less powerful.


Message History

The two-headed ogre hits you with a +0 giant club.
The two-headed ogre hits you with a +0 dire flail.
You hear an angry growl.
You hit the two-headed ogre.
The two-headed ogre looks as sick as possible!
You claw the two-headed ogre.
The two-headed ogre is lightly wounded.
You puncture the two-headed ogre! You claw the two-headed ogre.
The two-headed ogre is moderately wounded.
The two-headed ogre misses you. The two-headed ogre closely misses you.
You hit the two-headed ogre.
You claw the two-headed ogre, but do no damage.
The two-headed ogre is heavily wounded.
The two-headed ogre hits you with a +0 giant club!!
The two-headed ogre barely misses you. The polar bear barely misses you.
The polar bear closely misses you.
The polar bear claws you but does no damage.
You hit the two-headed ogre.
The two-headed ogre looks as sick as possible!
You claw the two-headed ogre!
The two-headed ogre is heavily wounded.
The two-headed ogre barely misses you. x2; The polar bear barely misses you.
The polar bear claws you.
The polar bear claws you but does no damage.
You puncture the two-headed ogre!
The two-headed ogre looks as sick as possible!
You claw the two-headed ogre.
The two-headed ogre is severely wounded.
The polar bear bites you. The polar bear claws you.
* * * LOW HITPOINT WARNING * * *
The polar bear claws you.
* * * LOW HITPOINT WARNING * * *
The two-headed ogre hits you with a +0 giant club.
* * * LOW HITPOINT WARNING * * *
The two-headed ogre hits you with a +0 dire flail.
* * * LOW HITPOINT WARNING * * *
You feel better. The polar bear bites you!!
* * * LOW HITPOINT WARNING * * *
The polar bear closely misses you. The polar bear claws you.
You die...

.........#
.........# ..
.........# ># ##
.........# .#
.#############'##
.# .......# #.#
.# .......# #)#
.# .......###
#)###h##.#
.#####...#
#)O@hh...#
.........#
#####h####
#.......<# .#
#.####...# .# ..#
##+## .# .# .# .#
.#


You could see a two-headed ogre (berserk, extremely poisoned), 2 polar bears and
2 black bears.

Vanquished Creatures
  Pikel (D:5)
  Joseph (D:7)
  Grinder (D:4)
  Eustachio (D:5)
  3 vampire mosquitoes (D:7)
  Edmund (D:5)
  Duvessa (D:4)
  A water moccasin (D:6)
  An ice beast (D:6)
  A sky beast (D:4)
  An ogre (D:5)
  A bullfrog (D:6)
  A scorpion (D:7)
  A wyvern zombie (D:7)
  Dowan (D:4)
  A water moccasin zombie (D:6)
  2 bullfrog zombies
  A centaur skeleton (D:4)
  2 hounds
  A gnoll shaman (D:5)
  2 bullfrog skeletons
  Jessica (D:3)
  3 iguanas
  An orc wizard (D:7)
  A killer bee zombie (D:5)
  A hound skeleton (D:4)
  11 gnolls (D:5)
  7 adders
  2 worms
  2 dart slugs
  3 orcs (D:7)
  6 ball pythons
  4 endoplasms
  3 giant cockroaches
  5 goblins
  5 hobgoblins
  7 kobolds
  3 quokkas
  6 bats
  4 frilled lizards
  2 rats (D:2)
103 creatures vanquished.

Notes
Turn   | Place    | Note
-------+----------+-------------------------------------------
     0 | D:1      | Xantor1111 the Human Berserker began the quest for the Orb.
     0 | D:1      | Reached XP level 1. HP: 18/18 MP: 1/1
   224 | D:1      | Reached XP level 2. HP: 24/24 MP: 2/2
   466 | D:1      | You fall into a shaft and drop 1 floor!
   773 | D:2      | Reached XP level 3. HP: 29/29 MP: 3/3
  1316 | D:2      | Gained mutation: Your spells are a little easier to cast,
                  | but a little less powerful. [potion of mutation]
  1316 | D:2      | Gained mutation: You have sharp toenails. [potion of
                  | mutation]
  1316 | D:2      | Gained mutation: You are agile. (Dex +2) [potion of
                  | mutation]
  1397 | D:2      | Reached ** piety under Trog
  1543 | D:2      | Reached skill level 1 in Short Blades
  1557 | D:2      | Reached skill level 1 in Polearms
  1611 | D:2      | Reached XP level 4. HP: 16/35 MP: 4/4
  2089 | D:3      | Noticed Jessica
  2098 | D:3      | Killed Jessica
  2148 | D:3      | Reached XP level 5. HP: 33/42 MP: 5/5
  2420 | D:4      | Noticed Grinder
  2432 | D:4      | Killed Grinder
  2433 | D:4      | Reached skill level 3 in Armour
  2433 | D:4      | Reached XP level 6. HP: 33/48 MP: 6/6
  2462 | D:4      | Noticed Duvessa
  2462 | D:4      | Noticed Dowan
  2474 | D:4      | Killed Duvessa
  2475 | D:4      | Reached XP level 7. HP: 40/54 MP: 7/7
  2483 | D:4      | Killed Dowan
  2921 | D:5      | Entered Level 5 of the Dungeon
  3053 | D:5      | Noticed Pikel
  3065 | D:5      | Killed Pikel
  3066 | D:5      | Reached skill level 4 in Armour
  3066 | D:5      | Reached XP level 8. HP: 40/61 MP: 8/8
  3198 | D:5      | Noticed Eustachio
  3208 | D:5      | Killed Eustachio
  3208 | D:5      | Reached *** piety under Trog
  3209 | D:5      | Reached skill level 5 in Polearms
  3209 | D:5      | Reached skill level 5 in Armour
  3229 | D:5      | Reached skill level 1 in Stealth
  3229 | D:5      | HP: 3/61 [cloud of flame (15)]
  3251 | D:5      | HP: 2/61 [adder (3)]
  3533 | D:5      | Reached skill level 5 in Fighting
  3559 | D:5      | Noticed Edmund
  3581 | D:5      | Killed Edmund
  3582 | D:5      | Reached XP level 9. HP: 44/68 MP: 9/9
  3829 | D:5      | Identified the +5 hand axe of Xom's Reproof {vorpal, rN+
                  | MP+9}
  4768 | D:6      | Reached skill level 5 in Short Blades
  4877 | D:6      | Reached skill level 6 in Armour
  4885 | D:6      | Was placed under penance by Trog
  4890 | D:6      | Learned a level 4 spell: Summon Ice Beast
  4981 | D:6      | Found a staircase to the Ecumenical Temple.
  5040 | Temple   | Entered the Ecumenical Temple
  5169 | Temple   | Upgraded the game from 0.28-a0-178-ga708605c5b to
                  | 0.28-a0-194-g42b4daccc1
  5338 | D:7      | Reached skill level 5 in Dodging
  5625 | D:7      | Noticed Joseph
  5638 | D:7      | Killed Joseph
  5639 | D:7      | Reached skill level 7 in Armour
  5639 | D:7      | Reached XP level 10. HP: 54/76 MP: 10/10
  5650 | D:7      | Noticed a two-headed ogre
  5657 | D:7      | HP: 2/76 [polar bear[the rage of Trog] (19)]
  5657 | D:7      | Slain by a polar bear

Illustrated notes

Levels and vault maps discovered:
D:1:      lightli_molten_gateway, layout_loops_ring
D:2:      layout_basic
D:3:      layout_rooms, uniq_jessica
D:4:      layout_cave_pools, kennysheep_cross_room, grunt_decor_fettered,
          minmay_misc_feat_nine_boxes, uniq_grinder, uniq_duvessa
D:5:      layout_layer_cave, serial_glass, glass_columns_b, glass_columns_a,
          glass_columns_b, glass_columns_c, glass_columns_a, uniq_pikel,
          uniq_edmund, uniq_eustachio
D:6:      layout_basic, minmay_temple_entry_glass
D:7:      layout_basic, grunt_decor_arrowhead, uniq_joseph, uniq_prince_ribbit1
Temple:   compressed_dpeg_circular_temple

Skill      XL: |  1  2  3  4  5  6  7  8  9 |
---------------+----------------------------+-----
Short Blades   | 1 3 4 6 |  6.3
Polearms       | 1 2 3 4 5 |  5.1
Fighting       | 4 5 |  5.9
Armour         | 3 4 5 7 |  7.1
Dodging        | 3 4 5 |  5.3
Stealth        | 1 2 |  2.5
Maces & Flails | |  3.2

Action                   |  1- 3 |  4- 6 |  7- 9 | 10-12 || total
-------------------------+-------+-------+-------+-------++-------
Melee: Short sword       |    16 |       |       |       ||    16
       Mace              |     3 |       |       |       ||     3
       Trident           |    73 |    18 |       |       ||    91
       Kick              |     8 |    21 |    76 |     9 ||   114
       Dagger            |       |    34 |   193 |    12 ||   239
  Use: Potion            |     3 |     1 |     5 |     1 ||    10
       Scroll            |     1 |     5 |     4 |       ||    10
Armor: Animal skin       |     5 |       |       |       ||     5
       Ring mail         |    37 |    12 |    60 |     5 ||   114
Dodge: Dodged            |    56 |    20 |   137 |    11 ||   224

Table legend: (Time is in decaauts)
 A = Elapsed time spent in this place.
 B = Non-inter-level travel time spent in this place.
 C = Inter-level travel time spent in this place.
 D = Time resting spent in this place.
 E = Time spent auto-exploring this place.
 F = Levels seen in this place.
 G = Mean time per level.
                   A        B        C        D        E       F      G
               +--------+--------+--------+--------+--------+-----+--------+
         Total |   5643 |   5643 |      0 |    354 |   1681 |   8 |  705.4 |
       Dungeon |   5460 |   5460 |      0 |    354 |   1681 |   7 |  780.0 |
        Temple |    182 |    182 |      0 |      0 |      0 |   1 |  182.0 |
               +--------+--------+--------+--------+--------+-----+--------+

Top non-repeatable levels by time:
     D:5: 1707 daAuts
     D:1: 1028 daAuts
     D:2: 933 daAuts
     D:4: 498 daAuts
     D:3: 492 daAuts
     D:6: 477 daAuts
     D:7: 323 daAuts
  Temple: 182 daAuts
